AoeStats
← GAX | Karecote

Arabia

509943221Analyzed
2v2 RM · 5d ago on Sep 28, 2026· 43m 46s· 4 players
Game mode
Random Map
Map size
Medium (4 player)
Population
200
Speed
Normal
Resources
Standard
Victory
Conquest
Starting age
Dark Age
Ending age
Imperial Age
RankedLock teamsTeams togetherTeam positionsShared explorationLock speedFull tech treeHidden civsTurbo modeCheats
Victory
Defeat
🇳🇱 Teutons · Netherlands
1711
+5
🇧🇷 Jurchens · Brazil
1630
+6
🇸🇪 Chinese · Sweden
1398
-6
🇸🇪 Mongols · Sweden
1395
-5
GAX | Karecote
6:27 Loom
8:48 Feudal Age
9:33 Double-Bit Axe
13:58 Fletching
19:40 Castle Age
17:54 Padded Archer Armor
18:22 Gold Mining
19:42 Crossbowman
20:18 Bodkin Arrow
21:37 Bow Saw
22:55 Horse Collar
24:34 Ballistics
29:06 Stone Mining
29:27 Town Watch
30:19 Wheelbarrow
32:18 Scale Barding Armor
32:24 Forging
35:56 Imperial Age
34:08 Chain Barding Armor
34:11 Heavy Plow
34:44 Husbandry
34:54 Bloodlines
35:45 Iron Casting
37:33 Plate Barding Armor
37:03 Elite Iron Pagoda
39:00 Two-Man Saw
39:38 Blast Furnace
43:55 Crop Rotation
44:06 Conscription
[KD] Fabuled
6:19 Loom
8:42 Feudal Age
9:27 Double-Bit Axe
17:01 Wheelbarrow
19:48 Castle Age
17:51 Horse Collar
18:37 Bloodlines
18:55 Gold Mining
19:41 Scale Barding Armor
20:43 Bow Saw
23:30 Forging
24:05 Chain Barding Armor
29:08 Hand Cart
30:58 Town Watch
35:05 Imperial Age
34:32 Stone Mining
36:49 Plate Barding Armor
35:39 Cavalier
39:51 Paladin
43:10 Iron Casting
44:51 Blast Furnace
climrik
0:26 Loom
9:55 Feudal Age
10:37 Double-Bit Axe
18:33 Gold Mining
19:26 Fletching
25:07 Castle Age
24:15 Padded Archer Armor
24:04 Horse Collar
25:25 Crossbowman
26:04 Bodkin Arrow
26:30 Forging
26:29 Thumb Ring
29:05 Ballistics
30:13 Gold Shaft Mining
34:03 Wheelbarrow
36:06 Bow Saw
39:57 Imperial Age
39:21 Scale Mail Armor
39:35 Town Watch
40:16 Squires
40:43 Chain Mail Armor
41:08 Elite Fire Lancer
42:46 Plate Mail Armor
Steelmate
7:29 Loom
9:49 Feudal Age
19:00 Wheelbarrow
18:38 Fletching
19:03 Double-Bit Axe
19:15 Horse Collar
23:19 Castle Age
23:32 Elite Skirmisher
24:08 Bodkin Arrow
24:54 Padded Archer Armor
27:15 Leather Archer Armor
29:15 Bloodlines
29:49 Bow Saw
29:41 Heavy Plow
30:02 Husbandry
31:43 Gold Mining
32:33 Ballistics
34:58 Thumb Ring
36:26 Stone Mining
39:55 Imperial Age
38:39 Town Watch
39:34 Scale Barding Armor
42:31 Murder Holes
Connection lost

Rejoining the realm…

Still unreachable

The connection could not be restored.

Session expired

The server has moved on; the page needs a fresh start.